 Dungeon Crawl Stone Soup version 0.20.1-1-g8b1a95d (webtiles) character file.

167153 raph the Fencer (level 17, -1/154 HPs)
             Began as a Minotaur Monk on Dec 23, 2017.
             Was the Champion of Ashenzari.
             Slain by Jorgrun
             ... wielding an uncursed staff of earth
              (3 damage)
             ... on level 2 of the Shoals.
             The game lasted 01:31:42 (32732 turns).

raph the Fencer (Minotaur Monk)                    Turns: 32732, Time: 01:31:44

Health: -1/154     AC: 24    Str: 32    XL:     17   Next: 31%
Magic:  13/13      EV:  2    Int:  7    God:    Ashenzari [******]
Gold:   1067       SH:  0    Dex: 21    Spells: 11/22 levels left

rFire    + . .     SeeInvis +   b - +7 long sword of Mandamus {slice, MP-9 Str+3} (curse)
rCold    + . .     Gourm    .   y - +3 buckler (curse)
rNeg     + + +     Faith    .   I - +5 scale mail of the Teacher {Str+4} (curse)
rPois    ∞         Spirit   .   h - +2 hat (curse)
rElec    .         Reflect  +   R - scarf {rC+ rF+} (curse)
rCorr    +         Harm     .   H - +3 pair of gauntlets of War {Slay+5} (curse)
MR       +....     Clarity  +   v - +0 pair of boots "Puass" {rCorr Stlth+} (curse)
Stlth    ++........             p - +3 amulet of reflection (curse)
Regen    0.4/turn               Y - +6 ring of strength (curse)
MPRegen  0.2/turn               P - +4 ring of dexterity (curse)

@: petrified
A: retaliatory headbutt, horns 2
a: Curse Item, Scrying, Transfer Knowledge, Renounce Religion


You were on level 2 of the Shoals.
You worshipped Ashenzari.
Ashenzari was exalted by your worship.
You were not hungry.

You visited 5 branches of the dungeon, and saw 29 of its levels.

You collected 3219 gold pieces.
You spent 2152 gold pieces at shops.

Inventory:

Hand Weapons
 b - the cursed +7 long sword of Mandamus (weapon) {slice, MP-9 Str+3}
   (You bought it in a shop on level 5 of the Dungeon)

   It inflicts extra damage upon your enemies.
   It affects your strength (+3).
   It affects your magic capacity (-9).
   It has a curse placed upon it.
Missiles
 r - 6 tomahawks of returning (quivered)
 S - 5 tomahawks of dispersal
 Z - 2 poisoned tomahawks
Armour
 h - a cursed +2 hat (worn)
 v - the cursed +0 pair of boots "Puass" (worn) {rCorr Stlth+}
   (You bought it in a shop on level 2 of the Orcish Mines)

   It protects you from acid and corrosion.
   It makes you more stealthy.
   It has a curse placed upon it.
 y - a cursed +3 buckler (worn)
 H - the cursed +3 pair of gauntlets of War (worn) {Slay+5}
   (You bought it in a shop on level 4 of the Dungeon)

   It affects your accuracy and damage with ranged weapons and melee attacks
   (+5).
   It has a curse placed upon it.
 I - the cursed +5 scale mail of the Teacher (worn) {Str+4}
   (You bought it in a shop on level 2 of the Orcish Mines)

   It affects your strength (+4).
   It has a curse placed upon it.
 R - a cursed scarf of resistance (worn)
Jewellery
 p - a cursed +3 amulet of reflection (around neck)
 q - an uncursed ring of wizardry
 P - a cursed +4 ring of dexterity (right hand)
 Y - a cursed +6 ring of strength (left hand)
Wands
 l - a wand of disintegration (5/24)
 m - a wand of lightning (6/15)
 t - a wand of iceblast (3/15)
 J - a wand of digging (0/24)
 W - a wand of disintegration (8/24)
Scrolls
 o - 14 scrolls of identify
 x - 4 scrolls of blinking
 z - a scroll of fear
 D - 3 scrolls of amnesia
 E - a scroll of remove curse
 K - 3 scrolls of magic mapping
 M - 11 scrolls of teleportation
 N - 7 scrolls of recharging
 Q - 2 scrolls of enchant armour
 V - 3 scrolls of fog
Potions
 d - 9 potions of curing
 e - 2 potions of ambrosia
 i - 3 potions of heal wounds
 j - 2 potions of might
 s - 3 potions of cancellation
 A - a potion of haste
 B - 2 potions of agility
 C - 5 potions of berserk rage
 F - 4 potions of brilliance
 O - 3 potions of flight
 T - a potion of resistance
 U - 3 potions of invisibility
Books
 f - a book of Conjurations

   Spells                             Type                      Level
   a - Magic Dart                     Conjuration                  1
   b - Searing Ray                    Conjuration                  2
   c - Dazzling Spray                 Conjuration/Hexes            3
   d - Fulminant Prism                Conjuration/Hexes            4
   e - Force Lance                    Conjuration/Translocation    4
   f - Iskenderun's Mystic Blast      Conjuration                  4
 X - a book of Geomancy

   Spells                             Type                      Level
   a - Sandblast                      Earth                        1
   b - Passwall                       Transmutation/Earth          2
   c - Stone Arrow                    Conjuration/Earth            3
   d - Petrify                        Transmutation/Earth          4
   e - Lee's Rapid Deconstruction     Earth                        5
Miscellaneous
 a - a lamp of fire
 u - a box of beasts
 L - a fan of gales
Comestibles
 c - 25 bread rations
 g - 10 meat rations
 k - 7 chunks of flesh
 n - 17 fruits
 w - 22 royal jellies


   Skills:
 + Level 14.6 Fighting
 + Level 16.5(20.3) Long Blades
 + Level 9.3 Throwing
 + Level 13.5(17.6) Armour
 + Level 13.6(17.7) Dodging
 - Level 1.5 Stealth
 + Level 13.4(16.0) Shields
 + Level 3.4 Spellcasting
 + Level 3.9(8.1) Charms
 - Level 3.6(7.7) Necromancy
 + Level 2.2(5.6) Translocations
 + Level 9.2(13.5) Evocations


You had 11 spell levels left.
You knew the following spells:

 Your Spells              Type           Power        Failure   Level  Hunger
a - Animate Skeleton      Necr           N/A          2%          1    ##.....
b - Regeneration          Chrm/Necr      ##........   6%          3    ####...
c - Song of Slaying       Chrm           ##......     2%          2    ###....
d - Spectral Weapon       Hex/Chrm       #.......     26%         3    ####...
e - Shroud of Golubria    Chrm/Tloc      ##........   4%          2    ###....


Dungeon Overview and Level Annotations

Branches:
Dungeon (15/15)            Temple (0/1) D:6            Lair (6/6) D:9
 Shoals (3/4) Lair:4       Spider (3/4) Lair:4        Slime (0/5) Lair:5
    Orc (2/2) D:10            Elf (0/3) Orc:2        Vaults (0/5) D:13
 Depths (0/5) D:15

Altars:
Ashenzari
Dithmenos
Fedhas
Gozag
Kikubaaqudgha
Makhleb
Okawaru
Ru
Trog
Xom
Yredelemnul
The Shining One
Beogh

Shops:
D:4 [   D:5 *(   D:7 :   D:11 [*??*   Orc:2 [[((

Portals:
Hell: Lair:6
Trove: D:12 (show slimy rune of Zot)

Annotations:
Lair:5 exclusion: 2 oklob plants
Shoals:2 Jorgrun


Innate Abilities, Weirdness & Mutations

You reflexively headbutt those who attack you in melee.
You have a pair of horns on your head.


Message History

Your merfolk javelineer skeleton hits Jorgrun with a +1 spear of venom!
Jorgrun hits you with a staff of earth! Jorgrun crushes you!
You have turned to stone.
Your hippogriff skeleton barely misses Jorgrun.
Your hippogriff skeleton pecks Jorgrun.
Your hippogriff skeleton claws Jorgrun but does no damage.
Your merfolk javelineer skeleton completely misses Jorgrun.
Jorgrun casts a spell.
The dungeon rumbles around Jorgrun!
You shudder from the earth-shattering force.
Ouch! That really hurt!
* * * LOW HITPOINT WARNING * * *
Your merfolk javelineer skeleton is destroyed!
Ka-crash!
Your hippogriff skeleton bites Jorgrun.
Your hippogriff skeleton closely misses Jorgrun.
Your hippogriff skeleton claws Jorgrun but does no damage.
You hear an angry hiss.
You hear a shout!
You hear a screech! x3
Jorgrun hits you with a staff of earth. Jorgrun crushes you!
You die...

≈ ≈≈ #..≈≈≈≈.≈.<..≈≈≈≈≈)).#
≈≈ *
####≈≈≈≈.≈≈≈≈≈≈≈≈≈)≈.(.. ≈≈
***,..#..≈....≈≈≈≈≈≈≈≈≈≈..##
≈≈ *
≈≈≈≈≈........≈(≈≈≈≈≈≈... ≈≈
* *≈≈≈≈≈≈..#.....≈≈≈≈≈≈≈≈≈≈≈
*,≈≈≈≈≈≈.(.<.....≈≈.(.≈≈≈..
≈≈≈ ,
≈≈≈≈≈≈.....###..≈..#...≈.. ≈
≈ ,≈ ≈≈≈≈≈≈...#
#..≈..###..≈≈ ,,,,≈
≈≈≈≈≈≈≈.@.# #.Z...# #..(. ,
** ,
≈≈≈≈≈≈≈g)#####.≈.###.≈≈. ,*
*, ≈≈≈≈≈≈≈.Z......≈≈...≈≈≈.
,* *,
≈≈≈≈≈≈≈≈....≈.≈≈≈≈≈≈≈≈≈.. ,
≈≈≈≈≈≈≈≈≈....≈≈≈≈≈≈≈≈≈≈≈.≈ ,
*, ≈
≈≈≈≈≈≈≈≈≈≈≈≈≈≈≈≈≈≈≈≈≈≈≈≈ ,
,≈≈ ≈≈≈≈≈≈≈≈≈≈≈≈≈≈≈≈≈≈≈≈≈.≈≈
,* ,
≈≈≈≈≈≈≈P≈≈≈..≈≈≈≈≈≈≈≈≈≈≈≈ ,*
** ,
≈≈≈≈≈P≈≈≈≈≈≈≈≈≈≈≈≈≈≈≈≈..


You could see Jorgrun and a friendly hippogriff skeleton.

Vanquished Creatures
  Arachne (Spider:3)
  Kirke (Lair:6)
  Donald (Spider:3)
  A ghost moth (Spider:2)
  An orc warlord (Orc:2)
  The ghost of jombi the Eclecticist, a journeyman DEFE of Vehumet (Spider:1)
  6 entropy weavers
  Azrael (D:15)
  A dire elephant (Lair:6)
  A spark wasp (Spider:1)
  3 merfolk impalers
  A fire dragon (Shoals:3)
  2 merfolk javelineers
  Harold (Lair:1)
  3 hydras
  2 catoblepae (D:15)
  An ice dragon (Shoals:3)
  3 centaur warriors
  A merfolk avatar (Shoals:1)
  5 two-headed ogres
  2 tengu warriors
  7 death yaks
  A satyr (Shoals:3)
  Sonja (D:12)
  A sun demon (Lair:6)
  2 orc high priests (Orc:2)
  5 skeletal warriors (D:15)
  4 sea snakes
  An unseen horror (D:13)
  4 wizards
  An orc knight (Orc:2)
  2 deep elf magi
  2 lindwurms (Lair:4)
  3 oklob plants
  17 wolf spiders
  13 orb spiders
  6 cyclopes
  3 orc sorcerers (Orc:2)
  7 manticores
  9 fauns
  13 ugly things
  9 elephants
  Psyche (D:12)
  5 merfolk sirens
  6 black mambas
  12 spiny frogs
  2 gargoyles
  A smoke demon (Lair:6)
  5 torpor snails
  3 water nymphs
  A kobold demonologist (D:14)
  5 rime drakes
  4 yaktaurs (D:15)
  5 komodo dragons
  10 demonic crawlers
  A red devil (Lair:6)
  5 ice devils (Lair:6)
  2 queen bees
  13 merfolk
  A tengu conjurer (D:14)
  9 meliai
  A meliai (shapeshifter) (D:15)
  32 jumping spiders
  5 trolls
  8 wind drakes
  25 blink frogs
  6 snapping turtles
  7 hippogriffs
  4 slime creatures
  6 dream sheep
  72 redbacks
  A spriggan (D:10)
  A hog (Lair:6)
  4 wyverns
  A redback (shapeshifter) (D:15)
  27 tarantellas
  27 yaks
  4 hungry ghosts
  A vampire (D:8)
  A fire elemental (D:15)
  3 water elementals
  A wraith (D:10)
  4 basilisks
  2 steam dragons (Lair:4)
  4 vampire mosquitoes
  Menkaure (D:4)
  A two-headed ogre zombie (D:10)
  4 wargs
  3 acid dragons
  10 hell hounds
  9 water moccasins
  6 porcupines
  36 orc warriors
  A black bear (D:10)
  3 ice beasts
  2 sky beasts
  A necrophage (D:10)
  An eye of draining (D:15)
  9 wolves
  3 phantoms
  14 ogres
  16 crocodiles
  21 centaurs
  2 big kobolds
  12 bullfrogs
  3 wyvern skeletons
  3 scorpions
  A troll zombie (D:10)
  3 wights (D:8)
  59 killer bees
  4 howler monkeys
  5 crimson imps
  4 centaur zombies
  2 bullfrog zombies
  2 quasits
  10 hounds
  2 jellies
  Crazy Yiuf (D:2)
  19 orc priests
  26 orc wizards
  2 bullfrog skeletons
  4 centaur skeletons
  Terence (D:2)
  5 iguanas
  Natasha (twice) (D:4)
  7 worker ants
  6 ogre zombies (D:10)
  A worker ant zombie (D:10)
  7 gnolls
  3 howler monkey skeletons
  12 adders
  A river rat (Lair:4)
  2 shadow imps (D:11)
  4 oozes
  An adder skeleton (D:4)
  6 worms
  2 dart slugs
  5 leopard geckos
  111 orcs
  2 ball pythons
  5 bats
  5 giant cockroaches
  10 goblins
  11 hobgoblins
  10 jackals
  20 kobolds
  5 quokkas
  8 frilled lizards
  A goblin skeleton (D:10)
  A goblin zombie (D:10)
  A hobgoblin skeleton (D:10)
  3 hobgoblin zombies (D:10)
  3 orc skeletons (D:10)
  16 orc zombies (D:10)
  A quokka skeleton (D:4)
  6 rats
  A bush (Shoals:3)
  3 fungi
  A plant (Shoals:3)
1082 creatures vanquished.

Vanquished Creatures (collateral kills)
  A satyr (Shoals:2)
  A faun (Shoals:2)
  A manticore (Shoals:2)
  A wind drake (Shoals:2)
  A hippogriff (Shoals:2)
  A dream sheep (Shoals:3)
6 creatures vanquished.

Vanquished Creatures (others)
  A yaktaur (D:15)
  A jumping spider (Spider:3)
  3 humans (Lair:6)
  A centaur (D:15)
  A bullfrog (Lair:4)
  A killer bee (Lair:4)
  A hell rat (Lair:4)
  10 fungi
  8 plants
27 creatures vanquished.

Grand Total: 1115 creatures vanquished

Notes
Turn   | Place    | Note
-------+----------+-------------------------------------------
     0 | D:1      | raph the Minotaur Monk began the quest for the Orb.
     0 | D:1      | Reached XP level 1. HP: 19/19 MP: 0/0
   367 | D:1      | Reached skill level 4 in Long Blades
   391 | D:1      | Reached XP level 2. HP: 18/27 MP: 1/1
  1237 | D:2      | Reached XP level 3. HP: 31/33 MP: 2/2
  1280 | D:2      | Noticed Terence
  1288 | D:2      | Killed Terence
  1381 | D:2      | Reached XP level 4. HP: 40/40 MP: 3/3
  1385 | D:2      | Reached skill level 5 in Long Blades
  1600 | D:2      | Found a shattered altar of Ashenzari.
  1869 | D:2      | Found a runed door.
  1881 | D:2      | Noticed Crazy Yiuf
  1888 | D:2      | Killed Crazy Yiuf
  1888 | D:2      | Reached XP level 5. HP: 35/47 MP: 4/4
  2044 | D:2      | Became a worshipper of Ashenzari the Shackled
  2044 | D:2      | Reached * piety under Ashenzari
  2044 | D:2      | Reached ** piety under Ashenzari
  2702 | D:3      | Found a glowing golden altar of the Shining One.
  2702 | D:3      | Noticed an ogre
  2710 | D:3      | Killed an ogre
  2710 | D:3      | Reached skill level 5 in Fighting
  2710 | D:3      | Reached skill level 6 in Long Blades
  2710 | D:3      | Reached XP level 6. HP: 56/56 MP: 5/5
  2790 | D:4      | Found Erefuic's Armour Shoppe.
  2807 | D:4      | Reached skill level 5 in Dodging
  3001 | D:4      | Noticed Menkaure
  3013 | D:4      | Killed Menkaure
  3013 | D:4      | Reached skill level 7 in Long Blades
  3013 | D:4      | Reached XP level 7. HP: 16/62 MP: 6/6
  3305 | D:4      | Noticed Natasha
  3310 | D:4      | Killed Natasha
  3364 | D:4      | Noticed Natasha
  3371 | D:4      | Killed Natasha
  3489 | D:5      | Entered Level 5 of the Dungeon
  3554 | D:5      | Found Xorpha's Antique Weapon Boutique.
  3559 | D:5      | Bought a warped long sword for 263 gold pieces
  3559 | D:5      | Identified the +7 long sword of Mandamus {slice, MP-9 Str+3} (You bought it in a shop on level 5 of the Dungeon)
  4091 | D:5      | Reached skill level 8 in Long Blades
  4091 | D:5      | Reached skill level 1 in Armour
  4204 | D:5      | Found Gozag's Platinum Reserve.
  4208 | D:5      | Found an opulent altar of Gozag.
  4435 | D:6      | Reached *** piety under Ashenzari
  4464 | D:6      | Reached XP level 8. HP: 31/71 MP: 0/7
  4847 | D:6      | Found a staircase to the Ecumenical Temple.
  4874 | D:6      | Reached skill level 9 in Long Blades
  5563 | D:7      | Found a shimmering altar of Xom.
  6028 | D:8      | Found an iron altar of Okawaru.
  6031 | D:8      | Found a basalt altar of Yredelemnul.
  6034 | D:8      | Found a bloodstained altar of Trog.
  6048 | D:8      | Found an ancient bone altar of Kikubaaqudgha.
  6244 | D:8      | Reached **** piety under Ashenzari
  6262 | D:8      | Reached skill level 10 in Long Blades
  6273 | D:8      | Found a sacrificial altar of Ru.
  6892 | D:7      | Reached XP level 9. HP: 79/79 MP: 0/8
  6983 | D:7      | Found Kaixann's Book Boutique.
  7132 | D:7      | Found a shadowy altar of Dithmenos.
  7179 | D:8      | Reached skill level 1 in Shields
  7201 | D:8      | Noticed a gargoyle
  7219 | D:8      | Killed a gargoyle
  7590 | D:9      | Found a staircase to the Lair.
  7603 | D:9      | Reached skill level 11 in Long Blades
  7603 | D:9      | Reached skill level 5 in Armour
  7922 | D:9      | Identified the cursed +2 hand axe "Paobig" {chop, +Inv rF++}
  8120 | Lair:1   | Entered Level 1 of the Lair of Beasts
  8120 | Lair:1   | Noticed an oklob plant
  8129 | Lair:1   | Killed an oklob plant
  8223 | Lair:1   | Noticed a black mamba
  8231 | Lair:1   | Killed a black mamba
  8231 | Lair:1   | Reached XP level 10. HP: 89/90 MP: 0/9
  8304 | Lair:1   | Noticed Harold
  8325 | Lair:1   | Killed Harold
  8325 | Lair:1   | Reached skill level 12 in Long Blades
  8593 | Lair:1   | Reached skill level 5 in Shields
  9345 | Lair:2   | Reached ***** piety under Ashenzari
  9624 | Lair:2   | Noticed a spiny frog
  9630 | Lair:2   | Killed a spiny frog
  9851 | Lair:2   | Noticed a black mamba
  9855 | Lair:2   | Killed a black mamba
  9855 | Lair:2   | Reached XP level 11. HP: 73/97 MP: 1/10
 10295 | Lair:3   | Reached skill level 1 in Throwing
 10471 | Lair:3   | Reached skill level 13 in Long Blades
 10583 | Lair:3   | Identified the +6 falchion of Ru's Vengeance {vamp, Stlth+}
 10723 | Lair:3   | Reached skill level 1 in Evocations
 11456 | D:4      | Bought the +3 pair of gauntlets of War {Slay+5} for 570 gold pieces
 11730 | Lair:4   | Found a hole to the Spider Nest.
 12244 | Lair:5   | Noticed an oklob plant
 12261 | Lair:5   | Reached skill level 10 in Fighting
 12292 | Lair:5   | Noticed an oklob plant
 12578 | Lair:5   | Noticed a death yak
 12580 | Lair:5   | Noticed a death yak
 12581 | Lair:5   | Noticed a death yak
 12582 | Lair:5   | Noticed a death yak
 12585 | Lair:5   | Killed a death yak
 12589 | Lair:5   | Noticed a death yak
 12595 | Lair:5   | Killed a death yak
 12603 | Lair:5   | Killed a death yak
 12608 | Lair:5   | Killed a death yak
 12629 | Lair:5   | Killed a death yak
 12629 | Lair:5   | Reached XP level 12. HP: 64/107 MP: 4/13
 12640 | Lair:5   | Noticed a six-headed hydra
 12657 | Lair:5   | Killed an eight-headed hydra
 12810 | Lair:5   | Found a staircase to the Slime Pits.
 13467 | Lair:5   | Learned a level 1 spell: Animate Skeleton
 13471 | Lair:4   | Reached skill level 10 in Dodging
 13646 | Lair:4   | Identified the +0 pair of boots "Atzighuwk" {Dex+6 Slay-5} (You found it on level 6 of the Dungeon)
 13646 | Lair:4   | Identified the +6 centaur barding of the Land of Plenty {rN+}
 13756 | Lair:4   | Reached ****** piety under Ashenzari
 13815 | Lair:4   | Reached skill level 14 in Long Blades
 13919 | Lair:4   | Found a staircase to the Shoals.
 13987 | Lair:4   | Noticed a death yak
 13987 | Lair:4   | Noticed a death yak
 13990 | Lair:4   | Noticed a death yak
 14003 | Lair:3   | Killed a death yak
 14009 | Lair:3   | Killed a death yak
 14009 | Lair:3   | Reached skill level 5 in Throwing
 14571 | Lair:4   | Reached XP level 13. HP: 111/116 MP: 6/15
 14964 | Lair:6   | Entered Level 6 of the Lair of Beasts
 14969 | Lair:6   | Reached skill level 10 in Armour
 15126 | Lair:6   | Noticed an entropy weaver
 15126 | Lair:6   | an eight-headed hydra changed into an entropy weaver
 15133 | Lair:6   | Killed an entropy weaver
 15133 | Lair:6   | Reached skill level 5 in Evocations
 15467 | Lair:6   | Identified the +1 leather armour of Tiequd {rC- rN+ Str+6}
 15612 | Lair:6   | Noticed Kirke
 15624 | Lair:6   | Killed Kirke
 15629 | Lair:6   | Reached skill level 10 in Shields
 16153 | Lair:6   | Noticed a dire elephant
 16171 | Lair:6   | Killed a dire elephant
 16579 | Lair:6   | Found a burning altar of Makhleb.
 17210 | Lair:6   | Found a gateway to Hell.
 17451 | D:10     | Entered Level 10 of the Dungeon
 17454 | D:10     | Found a staircase to the Orcish Mines.
 17812 | D:10     | Reached XP level 14. HP: 111/126 MP: 8/17
 17923 | D:10     | Found a basalt altar of Yredelemnul.
 18484 | Orc:1    | Entered Level 1 of the Orcish Mines
 18527 | Orc:2    | Entered Level 2 of the Orcish Mines
 18588 | Orc:1    | Found a roughly hewn altar of Beogh.
 19102 | Orc:2    | Found a staircase to the Elven Halls.
 19127 | Orc:2    | Found a roughly hewn altar of Beogh.
 19132 | Orc:2    | Found Bukkypp's Armour Shop.
 19376 | Orc:2    | Paralysed by an orc sorcerer for 7 turns
 19436 | Orc:2    | Reached skill level 15 in Long Blades
 19538 | Orc:2    | Found a roughly hewn altar of Beogh.
 19538 | Orc:2    | Found Qoanank's Antique Weapon Shoppe.
 19547 | Orc:2    | Bought a dazzling scimitar for 225 gold pieces
 19547 | Orc:2    | Identified the +0 scimitar "Sumob" {flame, *Noise rElec Int+3 Stlth+} (You bought it in a shop on level 2 of the Orcish Mines)
 19578 | Orc:2    | Found a roughly hewn altar of Beogh.
 20001 | Orc:2    | Noticed an orc warlord
 20161 | Orc:2    | Killed an orc warlord
 20348 | Orc:2    | Found Vyneiwk's Antique Armour Emporium.
 20351 | Orc:2    | Found a roughly hewn altar of Beogh.
 20354 | Orc:2    | Found Keirphij's Antique Weapon Shoppe.
 20359 | Orc:2    | Bought a slimy cloak for 218 gold pieces
 20369 | Orc:2    | Identified the +0 cloak of Grace {Stlth+} (You bought it in a shop on level 2 of the Orcish Mines)
 20379 | Orc:2    | Bought a twisted scale mail for 207 gold pieces
 20379 | Orc:2    | Identified the +5 scale mail of the Teacher {Str+4} (You bought it in a shop on level 2 of the Orcish Mines)
 20469 | Orc:2    | Found a roughly hewn altar of Beogh.
 20653 | Orc:2    | Bought a pair of transparent boots for 218 gold pieces
 20653 | Orc:2    | Identified the cursed +0 pair of boots "Puass" {rCorr Stlth+} (You bought it in a shop on level 2 of the Orcish Mines)
 20653 | Orc:2    | Bought a runed scarf for 184 gold pieces
 20781 | D:11     | Found Buwnyiwk's Magic Scroll Shoppe.
 20785 | D:11     | Found Ilietes's General Store.
 20789 | D:11     | Bought a scroll of remove curse for 39 gold pieces
 20789 | D:11     | Bought 3 scrolls of identify for 78 gold pieces
 20825 | D:11     | Found a shimmering altar of Xom.
 20978 | D:11     | Found a blossoming altar of Fedhas.
 21003 | D:11     | Found Efeu's Assorted Antiques.
 21034 | D:11     | Found Haniec's Antique Armour Shop.
 21063 | D:11     | Found Ufapnuz's Magic Scroll Shoppe.
 21112 | D:11     | Bought a scroll of remove curse for 45 gold pieces
 21179 | D:11     | Bought a scroll of identify for 30 gold pieces
 21179 | D:11     | Bought a scroll of remove curse for 45 gold pieces
 21179 | D:11     | Bought a scroll of identify for 30 gold pieces
 21643 | D:12     | Noticed Sonja
 21648 | D:12     | Killed Sonja
 21840 | D:12     | Found a portal to a secret trove of treasure.
 22074 | D:12     | Noticed Psyche
 22078 | D:12     | Killed Psyche
 22375 | D:13     | Found a gate to the Vaults.
 23512 | D:14     | Reached skill level 1 in Spellcasting
 23557 | D:14     | Found a sacrificial altar of Ru.
 24350 | D:14     | Reached skill level 1 in Necromancy
 24373 | D:14     | Reached XP level 15. HP: 135/135 MP: 10/19
 24429 | D:14     | Identified the cursed +0 pair of gloves "Agetz" {rPois rN+ Str-4 Dex+2}
 24444 | D:14     | Learned a level 3 spell: Regeneration
 24467 | D:14     | Identified the +5 hunting sling "Wuahy" {venom, Stlth+}
 24683 | D:15     | Entered Level 15 of the Dungeon
 24901 | D:15     | Noticed Azrael
 24906 | D:15     | Killed Azrael
 25047 | D:15     | Identified a scroll of acquirement
 25087 | D:15     | Reached skill level 1 in Charms
 25258 | D:15     | Found a staircase to the Depths.
 25581 | D:15     | Identified the +0 robe of Perfidy {rC+ rN+ Regen+}
 26096 | D:15     | Learned a level 2 spell: Song of Slaying
 26100 | D:15     | Learned a level 3 spell: Spectral Weapon
 26103 | D:15     | Learned a level 2 spell: Shroud of Golubria
 26391 | Shoals:1 | Entered Level 1 of the Shoals
 27412 | Shoals:2 | Noticed Jorgrun
 28042 | Shoals:3 | Reached skill level 16 in Long Blades
 28128 | Shoals:3 | Reached XP level 16. HP: 118/145 MP: 12/21
 28366 | Shoals:3 | Identified the +1 leather armour of the Sacrificial Victim {rElec MR++ rCorr Dex+2}
 28864 | Shoals:3 | Identified the cursed +2 animal skin of the Marlin {rF+ Dex+6 Slay+5}
 29175 | Spider:1 | Entered Level 1 of the Spider Nest
 29684 | Spider:1 | Noticed jombi's ghost (journeyman DEFE)
 29694 | Spider:1 | Killed jombi's ghost
 30312 | Spider:2 | Reached skill level 1 in Translocations
 31530 | Spider:3 | Noticed Donald
 31716 | Spider:3 | Reached XP level 17. HP: 154/154 MP: 10/22
 31750 | Spider:3 | Killed Donald
 31811 | Spider:3 | Noticed Arachne
 31822 | Spider:3 | Killed Arachne
 32731 | Shoals:2 | HP: 2/154 [Jorgrun/Shatter (118)]
 32732 | Shoals:2 | Slain by Jorgrun

Skill      XL: |  1  2  3  4  5  6  7  8  9 10 11 12 13 14 15 16 17 |
---------------+----------------------------------------------------+-----
Long Blades    | 4 5 6 7 8 10 11 12 13 14 15 16 | 16.5
Fighting       | 4 5 6 7 8 9 10 11 12 13 14 | 14.6
Dodging        | 4 5 6 7 8 9 10 11 12 13 | 13.6
Armour         | 2 4 5 7 8 9 10 12 13 | 13.5
Shields        | 4 5 7 9 10 11 12 13 | 13.4
Throwing       | 3 5 6 7 8 9 |  9.3
Evocations     | 3 4 6 7 8 9 |  9.2
Spellcasting   | 1 2 3 |  3.4
Necromancy     | 1 3 |  3.6
Charms         | 2 3 |  3.9
Translocations | 1 2 |  2.2
Stealth        | |  1.5

Action                   |  1- 3 |  4- 6 |  7- 9 | 10-12 | 13-15 | 16-18 || total
-------------------------+-------+-------+-------+-------+-------+-------++-------
Melee: Falchion          |    50 |   142 |    15 |       |       |       ||   207
       Headbutt          |     7 |    25 |    42 |   120 |   380 |   172 ||   746
       Long sword        |       |       |   187 |   361 |  1110 |   476 ||  2134
Throw: Tomahawk          |       |     1 |    10 |    19 |    54 |    34 ||   118
 Cast: Animate Skeleton  |       |       |       |       |    25 |     9 ||    34
       Shroud of Golubri |       |       |       |       |       |     4 ||     4
       Regeneration      |       |       |       |       |       |     5 ||     5
       Song of Slaying   |       |       |       |       |       |     1 ||     1
Invok: Curse Item        |       |       |     2 |     2 |     4 |     1 ||     9
Evoke: Wand              |       |       |       |     3 |    18 |     1 ||    22
  Use: Scroll            |     3 |     5 |     9 |    15 |    12 |     1 ||    45
       Potion            |       |       |       |     5 |     4 |     2 ||    11
 Stab: Sleeping          |     1 |       |       |       |     5 |     2 ||     8
       Distracted        |       |       |       |       |     3 |     1 ||     4
  Eat: Chunk             |     1 |     6 |    13 |    17 |    42 |    10 ||    89
       Royal jelly       |       |       |     1 |     2 |     3 |       ||     6
       Meat ration       |       |       |       |       |       |     2 ||     2
Armor: Robe              |     7 |    41 |     5 |       |       |       ||    53
       Chain mail        |       |       |    84 |   195 |   160 |       ||   439
       Scale mail        |       |       |       |       |    82 |   143 ||   225
Dodge: Dodged            |    31 |    92 |    94 |   176 |   544 |   460 ||  1397
Block: Buckler           |       |       |     9 |   124 |   562 |   399 ||  1094
       Reflection        |       |       |       |       |    54 |     8 ||    62
       Rpst.: Falchion   |     7 |    21 |     4 |       |       |       ||    32
       Long sword        |       |       |    25 |    44 |   109 |    88 ||   266
